cohdb
Replays
Latest Replays
All Replays
Popular Replays
Top Player Replays
Match Explorer
How It Works
Community
CoH3 Stats
Reddit
Sign in to upload your games and track your stats! →
Sign in with Steam
Match 29322619
Unlisted
Match 29322619
Overview
Messages
Build Orders
End
Construct Infanterie Kompanie
MG 42 Machine Gun Team
Grenadier Squad
Grenadier Squad
GrW 34 Mortar Team
Construct Panzergrenadier Kompanie
251 Medium Carrier
Pak 40 Anti-tank Gun Team
Construct Panzer Kompanie
Stoßtruppen Squad
Sturmpanzer IV Brummbär
Stoßtruppen Squad
Panzer Officer Quarters
Pioneer Squad
Selects Mechanized Battlegroup
Selects Raid Package
Selects 8 Rad Armored Car
Selects UNKNOWN (2160084)
Panther Heavy Tank
Selects Spotting Scopes
Selects Wespe Self-propelled Artillery
Selects Zeroing Artillery Barrage
Zeroing Artillery Barrage
Panther Heavy Tank
Zeroing Artillery Barrage
Panther Heavy Tank
Sturmpanzer IV Brummbär
MG 42 Machine Gun Team
Panther Heavy Tank
Pioneer Squad
Sturmpanzer IV Brummbär
Wespe Self-propelled Artillery
lifetec
xxxDerOzelotxxx
ManWithPlan
HulkSMASH
Mr Fox
dA.benni
0
0
Comments
sign in to comment!
No comments posted yet!